 Dungeon Crawl Stone Soup version 0.23-a0-80-gc95c2c7 (webtiles) character file.

2982 Amnesiac the Thaumaturge (level 9, -4/57 HPs)
             Began as a Mummy Air Elementalist on Aug 12, 2018.
             Was an Elder of Sif Muna.
             Slain by an orc warrior
             ... wielding a +0 war axe
              (21 damage)
             ... in a bailey.
             The game lasted 00:14:01 (5699 turns).

Amnesiac the Thaumaturge (Mummy Air Elementalist)   Turns: 5699, Time: 00:14:02

Health: -4/57      AC: 12    Str: 18    XL:     9   Next: 53%
Magic:  1/22       EV: 11    Int: 17    God:    Sif Muna [****..]
Gold:   291        SH:  0    Dex: 12    Spells: 22/27 levels left

rFire    + + .     SeeInvis +   g - +1 falchion (slice)
rCold    + . .     Gourm    .   (no shield)
rNeg     + + +     Faith    .   p - +1 leather armour of Wu Jian's Condemnation {rF+ Str+6 SInv}
rPois    ∞         Spirit   .   f - +0 helmet
rElec    .         Reflect  .   q - scarf {repulsion}
rCorr    .         Harm     .   (no gloves)
MR       +....                  j - +2 pair of boots of Subjectivity {rF++}
Stlth    +.........             c - amulet of the acrobat
HPRegen  0.19/turn              d - ring of flight
MPRegen  0.18/turn              m - +4 ring of protection

@: no casting, repel missiles
A: no food or potions, fire vulnerability, cold resistance 1, negative energy
resistance 3, torment resistance, unbreathing
a: Stop Divine Energy, Channel Magic, Forget Spell, Renounce Religion, Evoke
Flight


You were in a bailey.
You worshipped Sif Muna.
Sif Muna was greatly pleased with you.
You were not hungry.

You visited 1 branch of the dungeon, and saw 7 of its levels.
You also visited: Bailey.

You collected 291 gold pieces.

Inventory:

Hand Weapons
 g - a +1 falchion of slicing (weapon)
Armour
 b - a +1 cloak
 f - a +0 helmet (worn)
 j - the +2 pair of boots of Subjectivity (worn) {rF++}
   (You found it on level 4 of the Dungeon)

   It greatly protects you from fire.
 p - the +1 leather armour of Wu Jian's Condemnation (worn) {rF+ Str+6 SInv}
   (You found it on level 6 of the Dungeon)

   It affects your strength (+6).
   It protects you from fire.
   It lets you see invisible.
 q - a scarf of repulsion (worn)
 s - +0 swamp dragon scales
Jewellery
 c - an amulet of the acrobat (around neck)
 d - a ring of flight (left hand)
 m - a +4 ring of protection (right hand)
 n - an uncursed ring of wizardry
Wands
 a - a wand of acid (8)
 t - a wand of iceblast (8)
 u - a wand of scattershot (5)
Scrolls
 h - 4 scrolls of teleportation {!r}
 i - 6 scrolls of remove curse {!r}
 l - a scroll of immolation {!r}
 r - a scroll of enchant armour {!r}


   Skills:
 - Level 1.5 Dodging
 - Level 1.5 Stealth
 + Level 9.5 Spellcasting
 - Level 0.7 Conjurations
 * Level 9.5 Air Magic


You had 22 spell levels left.
You knew the following spells:

 Your Spells              Type           Power        Failure   Level  Hunger
a - Airstrike             Air            #####.....   1%          4    N/A
d - Shock                 Conj/Air       ####         1%          1    N/A

Your spell library contained the following spells:

 Spells                   Type           Power        Failure   Level  Hunger
 Lightning Bolt           Conj/Air       ####......   34%         5    N/A
 Swiftness                Chrm/Air       ###.....     2%          2    N/A
 Static Discharge         Conj/Air       ####....     3%          3    N/A

Dungeon Overview and Level Annotations

Branches:
Dungeon (7/15)             Temple (0/1) D:4

Altars:
Dithmenos
Makhleb
Qazlal
Sif Muna
Vehumet
Xom
Yredelemnul

Shops:
D:4 (


Innate Abilities, Weirdness & Mutations

You do not eat or drink.
Your flesh is vulnerable to fire.
You are immune to poison.
Your flesh is cold resistant. (rC+)
You are immune to negative energy. (rN+++)
You are immune to unholy pain and torment.
You can survive without breathing.


Message History

Aim: a hobgoblin, wielding a hand axe and wearing a leather armour The air twists around and strikes the hobgoblin!
You kill the hobgoblin!
Sif Muna accepts your kill. Sif Muna grants you divine energy.
You briefly lose access to your magic!
There is an open door here.
You start resting.
You regain access to your magic.
You start resting.
The orc warrior is too close now for your liking.
Casting: Airstrike (safe; 1% risk of failure)
Confirm with . or Enter, or press ? or * to list all spells.
Aiming: Airstrike (safe; 1% risk of failure)
Press: ? - help, Dir - move target cursor, f - orc warrior
Aim: an orc warrior, wielding a war axe and wearing a plate armour (hasn't noticed you)
The air twists around and strikes the orc warrior!
The orc warrior shouts!
The orc warrior is lightly wounded.
Casting: Airstrike (safe; 1% risk of failure)
Confirm with . or Enter, or press ? or * to list all spells.
Aiming: Airstrike (safe; 1% risk of failure)
Press: ? - help, Dir - move target cursor, f/p - orc warrior
Aim: an orc warrior, wielding a war axe and wearing a plate armour (lightly wounded)
The air twists around and strikes the orc warrior!
The orc warrior is heavily wounded.
The orc warrior hits you with a war axe.
Casting: Airstrike (safe; 1% risk of failure)
Confirm with . or Enter, or press ? or * to list all spells.
Aiming: Airstrike (safe; 1% risk of failure)
Press: ? - help, Dir - move target cursor, f/p - orc warrior
Aim: an orc warrior, wielding a war axe and wearing a plate armour (heavily wounded)
The air twists around and strikes the orc warrior!
The orc warrior is heavily wounded.
Sif Muna grants you divine energy.
You briefly lose access to your magic!
The orc warrior barely misses you.
You are unable to access your magic!
You are unable to access your magic!
You are unable to access your magic!
You barely miss the orc warrior.
The orc warrior is heavily wounded.
The orc warrior hits you with a war axe!!
You regain access to your magic.
Casting: Airstrike (safe; 1% risk of failure)
Confirm with . or Enter, or press ? or * to list all spells.
Aiming: Airstrike (safe; 1% risk of failure)
Press: ? - help, Dir - move target cursor, f/p - orc warrior
Aim: an orc warrior, wielding a war axe and wearing a plate armour (heavily wounded)
The air twists around and strikes the orc warrior!
The orc warrior is severely wounded.
Sif Muna grants you divine energy.
You briefly lose access to your magic!
The orc warrior hits you with a war axe!
* * * LOW HITPOINT WARNING * * *
Things that are here:
an enchanted hand axe; a leather armour; 12 tomahawks of returning Why would you want to do that?
Put on which piece of jewellery? (? for menu, Esc to quit)
You're wearing all the rings you can.
Remove which one? (? for menu, Esc to cancel) < or
n - a ring of wizardry; > or
m - a +4 ring of protection You remove your ring of wizardry.
d - a ring of flight (left hand)
The orc warrior hits you with a war axe!!
You die...

####....... ##........)
##......... .....⌠..).
#......)### .#
#########....('.#..#### ##
.' #≈≈≈≈≈≈#......###....
... .#
≈≈≈≈≈≈≈≈≈≈..(o)#..####'####
.#
#≈≈≈≈≈≈≈≈≈@)####.oKoooo####
##.....≈≈≈≈≈≈∩#KKogKog#∩≈≈
##.......≈≈≈≈#########≈≈≈
##.......≈≈≈≈≈≈≈≈≈≈≈≈≈≈#
###.........≈≈≈≈≈≈≈.#
####.............##
####......∩..##
###(...=..## ####.....##


You could see an orc warrior.

Vanquished Creatures
  5 sky beasts
  A hornet zombie (D:7)
  An ice beast (D:6)
  A phantom (D:4)
  7 orc warriors
  4 ogres
  A necrophage (D:5)
  3 centaurs
  A big kobold (D:7)
  A bullfrog (D:6)
  A howler monkey (D:7)
  2 crimson imps
  4 hounds
  An orc priest (D:3)
  3 orc wizards (D:6)
  3 worker ants
  3 iguanas
  A hound skeleton (D:4)
  A howler monkey skeleton (D:7)
  4 gnolls (D:5)
  9 adders
  A shadow imp (D:6)
  2 oozes (D:3)
  3 adder skeletons
  A worm (D:3)
  A dart slug (D:1)
  6 leopard geckos
  21 orcs
  2 giant cockroaches
  9 goblins
  12 hobgoblins
  10 jackals
  A quokka (D:2)
  2 ball pythons
  5 bats
  5 frilled lizards
  25 kobolds
  A quokka skeleton (D:4)
  2 rats (D:3)
166 creatures vanquished.

Notes
Turn   | Place    | Note
-------+----------+-------------------------------------------
     0 | D:1      | Amnesiac the Mummy Air Elementalist began the quest for the Orb.
     0 | D:1      | Reached XP level 1. HP: 13/13 MP: 4/4
   635 | D:4      | Reached XP level 2. HP: 18/19 MP: 3/5
   665 | D:5      | Entered Level 5 of the Dungeon
   699 | D:4      | Reached XP level 3. HP: 17/24 MP: 1/7
   765 | D:4      | Found Hiolesud's Antique Weapon Boutique.
   790 | D:4      | Got a pair of smoking boots
   796 | D:4      | Identified the +2 pair of boots of Subjectivity {rF++} (You found it on level 4 of the Dungeon)
   797 | D:4      | Noticed a phantom
   925 | D:4      | Noticed an ogre
   933 | D:4      | Killed an ogre
   933 | D:4      | Reached XP level 4. HP: 30/30 MP: 3/10
   977 | D:4      | Learned a level 4 spell: Airstrike
  1009 | D:4      | Reached XP level 5. HP: 35/35 MP: 6/11
  1057 | D:4      | Found a stormy altar of Qazlal.
  1086 | D:4      | Found a deep blue altar of Sif Muna.
  1252 | D:4      | Became a worshipper of Sif Muna the Loreminder
  2253 | D:2      | Found a shimmering altar of Xom.
  2255 | D:2      | Found a basalt altar of Yredelemnul.
  2634 | D:3      | Reached XP level 6. HP: 41/41 MP: 4/13
  2649 | D:3      | Reached skill level 5 in Spellcasting
  2649 | D:3      | Reached skill level 5 in Air Magic
  2751 | D:3      | Found a radiant altar of Vehumet.
  2767 | D:3      | Reached * piety under Sif Muna
  2986 | D:3      | You fall through a shaft for 2 floors!
  3077 | D:5      | Reached XP level 7. HP: 46/46 MP: 0/15
  3224 | D:4      | Found a staircase to the Ecumenical Temple.
  3791 | D:6      | Reached ** piety under Sif Muna
  3908 | D:6      | Reached XP level 8. HP: 52/52 MP: 9/18
  3992 | D:6      | Got a spiked leather armour
  4022 | D:6      | Found a burning altar of Makhleb.
  4046 | D:6      | Identified the +1 leather armour of Wu Jian's Condemnation {rF+ Str+6 SInv} (You found it on level 6 of the Dungeon)
  4257 | D:6      | Reached *** piety under Sif Muna
  4523 | D:7      | Found a shadowy altar of Dithmenos.
  4544 | D:7      | Reached XP level 9. HP: 28/57 MP: 2/21
  4558 | D:7      | HP: 2/57 [orc warrior/dire flail (16)]
  4738 | D:7      | Found a flagged portal.
  4783 | D:7      | Reached **** piety under Sif Muna
  4992 | Bailey   | Entered a bailey
  5699 | Bailey   | Slain by an orc warrior

Vault maps used:
D:1:      ebering_hopf_link
D:2:      minitemple, first_ration
D:3:      lemuel_doored_altar, st_stairs_13
D:4:      lemuel_coloured_pillars_altar, temple_fountains, serial_shops,
          nicolae_shop_behind_doors, led_sif_pool
D:6:      overflow_temple_1_default, minmay_strange_pillars
D:7:      lemuel_round_altar, enter_bailey_3
Bailey:   bailey_axe_4, bailey

Skill      XL: |  1  2  3  4  5  6  7  8  9 |
---------------+----------------------------+-----
Spellcasting   | 3 4 5 6 8 9 |  9.5
Air Magic      | 3 4 5 6 8 9 |  9.5
Dodging        | |  1.5
Stealth        | |  1.5
Conjurations   | |  0.7

Action                   |  1- 3 |  4- 6 |  7- 9 || total
-------------------------+-------+-------+-------++-------
Melee: Unarmed           |     2 |       |       ||     2
       Falchion          |     7 |    73 |    99 ||   179
 Cast: Shock             |    32 |    30 |     1 ||    63
       Airstrike         |       |    31 |   133 ||   164
Invok: Divine Energy     |       |     1 |       ||     1
 Abil: Evoke Flight      |       |       |     1 ||     1
  Use: Scroll            |       |       |     9 ||     9
Armor: Robe              |     6 |    44 |     4 ||    54
       Leather armour    |       |       |    54 ||    54
       Swamp dragon scal |       |       |    19 ||    19
Dodge: Dodged            |    37 |    78 |    99 ||   214
       Deflected         |       |       |     1 ||     1
       Rpst.: Falchion   |     7 |    21 |    23 ||    51

Table legend:
 A = Non-vault XP
 B = Vault XP
 C = Vault XP percentage of total XP
 D = Non-vault monster count
 E = Vault monster count
 F = Vault count percentage of total count
 G = Total turns spent on level
                 A         B        C        D         E       F
            +---------+---------+-------+---------+---------+-------
      Total |    3577 |     683 |  16.0 |     142 |      24 |  14.5
            +---------+---------+-------+---------+---------+-------
        D:1 |      35 |       0 |   0.0 |      21 |       0 |   0.0
        D:2 |      56 |       0 |   0.0 |      13 |       0 |   0.0
        D:3 |     171 |       0 |   0.0 |      22 |       0 |   0.0
        D:4 |     400 |       0 |   0.0 |      17 |       0 |   0.0
        D:5 |     609 |       0 |   0.0 |      15 |       0 |   0.0
        D:6 |    1484 |       0 |   0.0 |      35 |       0 |   0.0
        D:7 |     822 |       8 |   1.0 |      19 |       4 |  17.4
     Bailey |       0 |     675 | 100.0 |       0 |      20 | 100.0
            +---------+---------+-------+---------+---------+-------
